 Dungeon Crawl Stone Soup version 0.31-a0-986-g5e6e4ef867 (webtiles) character file.

Game seed: 925056587703675748

332 wildpjah the Slasher (level 6, -1/37 HPs)
             Began as a Tengu Gladiator on Nov 21, 2023.
             Succumbed to a scorpion's poison
             ... on level 4 of the Dungeon.
             The game lasted 00:03:29 (2491 turns).

wildpjah the Slasher (Tengu Gladiator)              Turns: 2491, Time: 00:03:30

Health: -1/37      AC:  4    Str: 18    XL:     6   Next: 52%
Magic:  7/7        EV: 13    Int:  7    God:
Gold:   144        SH:  0    Dex: 17    Spells: 3/5 levels left

rFire   + + .        a - +0 long sword (venom)
rCold   . . .        (no shield)
rNeg    . . .        b - +0 leather armour
rPois   .            c - +0 hat
rElec   .            (no cloak)
rCorr   .            (no gloves)
SInv    .            (boots unavailable)
Will    ++...        s - amulet of magic regeneration
Stlth   ++           g - ring of willpower
HPRegen 0.26/turn    y - ring of wizardry
MPRegen 0.50/turn

%: acrobat, wizardry (x1)
@: lethally poisoned (-1 -> -12), enlightened, flying, hasted, very quick
A: beak, talons 3, acrobatic, fire resistance 2, shaggy fur 1, strong 1
a: no special abilities


You were on level 4 of the Dungeon.
You visited 1 branch of the dungeon, and saw 4 of its levels.

You collected 144 gold pieces.

Inventory:

Hand Weapons
 a - a +0 long sword of venom (weapon)
 r - a +1 short sword of electrocution
Missiles
 d - 2 throwing nets (quivered)
 e - 3 javelins
Armour
 b - a +0 leather armour (worn)
 c - a +0 hat (worn)
Jewellery
 g - a ring of willpower (left hand)
 s - an amulet of magic regeneration (around neck)
 y - a ring of wizardry (right hand)
 A - a ring of willpower
Scrolls
 f - a scroll of blinking
 i - a scroll of revelation
 j - a scroll of identify
 n - a scroll of enchant weapon {unknown}
 o - 2 scrolls of teleportation {unknown}
 q - a scroll of fog {unknown}
 u - 2 scrolls of poison {unknown}
 w - a scroll of vulnerability {unknown}
 z - a scroll of noise {unknown}
Potions
 h - a potion of attraction {unknown}
 k - a potion of mutation
 m - a potion of enlightenment
 p - a potion of invisibility {unknown}
 t - a potion of lignification {unknown}
 v - a potion of ambrosia {unknown}
 x - a potion of curing {unknown}


   Skills:
 + Level 3.0 Fighting
 + Level 5.3 Long Blades
 + Level 2.1 Throwing
 + Level 3.0 Armour
 + Level 4.2 Dodging
 + Level 1.9 Stealth
 * Level 0.3 Transmutations


You had 3 spell levels left.
You knew the following spells:

 Your Spells              Type           Power      Damage    Failure   Level
a - Wereblood             Tmut           0%         N/A       28%         2

Your spell library contained the following spells:

 Spells                   Type           Power      Damage    Failure   Level
 Sublimation of Blood     Necr           0%         N/A       32%         2
 Ignite Poison            Fire/Tmut/Pois 0%         N/A       52%         3
 Sticky Flame             Conj/Fire      0%         2d3       89%         4
 Summon Hydra             Summ           0%         N/A       100%        7
 Ignition                 Fire           0%         3d3       100%        8


Dungeon Overview and Level Annotations

Branches:
Dungeon (4/15)
 Temple: D:4-7

Altars:
Cheibriados
Trog


Innate Abilities, Weirdness & Mutations

You have a beak for a mouth.
You have claws for feet.
You can magically evade attacks while moving or waiting.
Your flesh is very heat resistant. (rF++)
You are covered in fur. (AC +1)
Your muscles are strong. (Str +4, Int/Dex -1)


Message History

You feel sick.
You feel sick. The scorpion attacks as it pursues you! The scorpion misses you.
The scorpion closely misses you.
You slash the scorpion!
You kill the scorpion!
You feel sick. The scorpion stings you.
You are more poisoned.
The scorpion poisons you! The scorpion stings you.
Your Fighting skill increases to level 3!
Your Armour skill increases to level 3!
You barely miss the scorpion.
* * * LOW HITPOINT WARNING * * *
You feel very sick. The scorpion closely misses you.
You barely miss the scorpion. You claw the scorpion.
You peck the scorpion, but do no damage.
The scorpion is moderately wounded.
* * * LOW HITPOINT WARNING * * *
You feel sick. The scorpion closely misses you.
You barely miss the scorpion.
The scorpion is moderately wounded.
* * * LOW HITPOINT WARNING * * *
You feel sick. The scorpion barely misses you. The scorpion closely misses you.
It was a potion of mutation.
You feel extremely strange. Fur sprouts all over your body.
You feel resistant to heat.
You feel more resistant to heat.
You feel stronger.
* * * LOW HITPOINT WARNING * * *
You feel sick. The scorpion stings you.
* * * LOW HITPOINT WARNING * * *
You are more poisoned.
The scorpion poisons you!
It was a potion of enlightenment.
You feel very buoyant.
You fly up into the air.
* * * LOW HITPOINT WARNING * * *
You feel very sick. The scorpion closely misses you.
Unknown command.
It was a potion of haste.
You feel yourself speed up.
You die...

#..... .# ###..... ....
###...#.. ... ...... ...
#.....#.# #.. ##..... ...
###....#.##.##.##..... #...
.#..............#......##.. .
........................... .
...........#.###..........# ..
....##...#..†@##..........# ..
#.....?..#..s##.......##.## #.
..........#..##...........###.
.##..................#....†...
##.###.....#.....#........##
## #...............#...###
##..........##..###....
###.........##.# ##...
####.........###....


You could see a scorpion.

Vanquished Creatures
  A black bear (D:4)
  A scorpion (D:4)
  2 hounds
  Jessica (D:2)
  An orc wizard (D:4)
  3 worms (D:3)
  3 dart slugs
  4 orcs
  4 ball pythons
  A bat (D:3)
  10 endoplasms
  2 giant cockroaches
  4 goblins
  7 hobgoblins
  2 kobolds
  A quokka (D:2)
  3 frilled lizards
  A rat (D:3)
51 creatures vanquished.

Notes
Turn   | Place    | Note
-------+----------+-------------------------------------------
     0 | D:1      | wildpjah the Tengu Gladiator began the quest for the Orb.
     0 | D:1      | Reached XP level 1. HP: 12/12 MP: 2/2
   211 | D:1      | Reached XP level 2. HP: 17/17 MP: 3/3
   865 | D:2      | Reached XP level 3. HP: 21/21 MP: 4/4
  1112 | D:2      | Noticed Jessica
  1121 | D:2      | Killed Jessica
  1122 | D:2      | Reached skill level 4 in Long Blades
  1122 | D:2      | Reached skill level 1 in Armour
  1122 | D:2      | Reached XP level 4. HP: 16/27 MP: 5/5
  1425 | D:3      | Found a bloodstained altar of Trog.
  1445 | D:3      | Identified the +1 spear of Sucwym {flame, Contam rCorr
                  | Str+3 Dex+7}
  1549 | D:3      | Found a snail-covered altar of Cheibriados.
  1795 | D:3      | Found a faded altar of an unknown god.
  1874 | D:3      | Reached skill level 1 in Stealth
  2137 | D:3      | Reached XP level 5. HP: 26/31 MP: 6/6
  2284 | D:4      | Identified the "Kuboat"
  2284 | D:4      | Identified the "Sulyib"
  2284 | D:4      | Identified the "Uvvaf"
  2389 | D:4      | Noticed a black bear
  2404 | D:4      | Killed a black bear
  2405 | D:4      | Reached skill level 5 in Long Blades
  2405 | D:4      | Reached XP level 6. HP: 26/36 MP: 7/7
  2474 | D:4      | Learned a level 2 spell: Wereblood
  2489 | D:4      | Gained mutation: You are covered in fur. (AC +1) [potion of
                  | mutation]
  2489 | D:4      | Gained mutation: Your flesh is heat resistant. (rF+)
                  | [potion of mutation]
  2489 | D:4      | Gained mutation: Your flesh is very heat resistant. (rF++)
                  | [potion of mutation]
  2489 | D:4      | Gained mutation: Your muscles are strong. (Str +4, Int/Dex
                  | -1) [potion of mutation]
  2490 | D:4      | HP: 1/37 [poisoned by a scorpion]
  2491 | D:4      | Succumbed to a scorpion's poison

Illustrated notes

Levels and vault maps discovered:
D:1:      minmay_arrival_cross, layout_basic
D:2:      layout_loops_ring, minivault_24, hex_tiny, uniq_jessica
D:3:      layout_loops_corners, mainiacjoe_overflow_chevrons, slow_altar_1,
          hellmonk_ecumenical_altar_zigzags, cheibrodos_sewer_entry_bend,
          minmay_tree_intersection
D:4:      minmay_diamond_boxcup, layout_cave_pools, lemuel_round_altar,
          serial_bayou_lagoon_a, hex_medium, st_stairs_8

Skill      XL: |  1  2  3  4  5  6 |
---------------+-------------------+-----
Long Blades    | 4 5 |  5.3
Armour         | 1 2 3 |  3.0
Dodging        | 4 |  4.2
Stealth        | 1 |  1.9
Fighting       | 3 |  3.0
Throwing       | |  2.1
Transmutations | |  0.3

Action                     |  1- 3 |  4- 6 || total
---------------------------+-------+-------++-------
  Melee: Long sword        |    57 |    71 ||   128
         Kick              |    15 |    18 ||    33
         Peck              |    12 |     5 ||    17
         Punch             |       |     1 ||     1
  Throw: Throwing net      |       |     1 ||     1
    Use: Scroll            |       |     4 ||     4
         Potion            |       |     3 ||     3
   Stab: Sleeping          |     1 |     3 ||     4
         Distracted        |       |     1 ||     1
         Held in net/web   |       |     1 ||     1
 Armour: Leather armour    |    15 |    37 ||    52
  Dodge: Dodged            |    42 |    56 ||    98

Table legend: (Time is in decaauts)
 A = Elapsed time spent in this place.
 B = Non-inter-level travel time spent in this place.
 C = Inter-level travel time spent in this place.
 D = Time resting spent in this place.
 E = Time spent auto-exploring this place.
 F = Levels seen in this place.
 G = Mean time per level.
                   A        B        C        D        E       F      G
               +--------+--------+--------+--------+--------+-----+--------+
         Total |   2519 |   2446 |     73 |     26 |   1984 |   4 |  629.8 |
       Dungeon |   2519 |   2446 |     73 |     26 |   1984 |   4 |  629.8 |
               +--------+--------+--------+--------+--------+-----+--------+

Top non-repeatable levels by time:
     D:3: 973 daAuts
     D:2: 778 daAuts
     D:1: 557 daAuts
     D:4: 210 daAuts
